 Dungeon Crawl Stone Soup version 0.21.0-25-ge575cb9 (webtiles) character file.

53 halftheisland the Skirmisher (level 3, 0/34 HPs)
             Began as a Hill Orc Berserker on Jan 26, 2018.
             Was a Follower of Trog.
             Slain by a goblin (1 damage)
             ... on level 2 of the Dungeon.
             The game lasted 00:07:10 (1055 turns).

halftheisland the Skirmisher (Hill Orc Berserker)   Turns: 1055, Time: 00:07:11

Health: 0/34       AC:  2    Str: 20    XL:     3   Next: 89%
Magic:  3/3        EV: 12    Int:  7    God:    Trog [*.....]
Gold:   80         SH:  0    Dex: 10    Spells: 2/2 levels left

rFire    . . .     SeeInvis .   a - +1 spear
rCold    + . .     Gourm    .   (no shield)
rNeg     . . .     Faith    .   b - +0 animal skin
rPois    +         Spirit   .   (helmet restricted)
rElec    .         Reflect  .   (no cloak)
rCorr    .         Harm     .   (no gloves)
MR       .....                  (no boots)
Stlth    +.........             (no amulet)
HPRegen  0.11/turn              f - ring of poison resistance
MPRegen  0.08/turn              (no ring)

@: berserk cooldown, slowed, very slow
A: horns 1, cold resistance 1, deterioration 1
a: Berserk, Burn Spellbooks, Renounce Religion


You were on level 2 of the Dungeon.
You worshipped Trog.
Trog was aware of your devotion.
You were very hungry.

You visited 1 branch of the dungeon, and saw 2 of its levels.

You collected 80 gold pieces.

Inventory:

Hand Weapons
 a - a +1 spear (weapon)
 d - a +2 dagger of draining
 k - a +1 flail of crushing
Armour
 b - a +0 animal skin (worn)
Jewellery
 f - a ring of poison resistance (left hand)
Scrolls
 g - 2 scrolls of remove curse
Potions
 e - a potion of ambrosia
Comestibles
 c - 2 rations
 i - 2 chunks of flesh


   Skills:
 + Level 4.4 Fighting
 + Level 4.2 Polearms
 + Level 2.3 Armour
 + Level 2.0 Dodging


You had 2 spell levels left.
You didn't know any spells.

Dungeon Overview and Level Annotations

Branches:
Dungeon (2/15)

Altars:
Elyvilon
Hepliaklqana


Innate Abilities, Weirdness & Mutations

You have a pair of small horns on your head.
Your flesh is cold resistant. (rC+)
Your body sometimes deteriorates upon taking damage.


Message History

You are no longer berserk.
You are exhausted.
You feel yourself slow down.
You hit the dart slug.
The dart slug is heavily wounded.
The phantom blinks!
The dart slug barely misses you.
You hit the dart slug.
You kill the dart slug!
Trog accepts your kill.
* * * LOW HITPOINT WARNING * * *
You feel sick.
You are no longer poisoned.
Okay, then.
You hit the frilled lizard.
You kill the frilled lizard!
Trog accepts your kill.
The gnoll throws a stone.
The stone hits you but does no damage. The gnoll hits you but does no damage.
You closely miss the goblin. The goblin hits you.
You die...

..##.######. #. #..
........... #..
..........# #..
..........# #..
#........# ......
#........# #.####
#........# . #
#.....().#####...#
.........gg@.......
###......g#####...#
#.....w## #
#....... .##
#......## ...
#.....w# ###
#####.## #.


You could see a worm, 2 gnolls and a goblin.

Vanquished Creatures
  A gnoll (D:2)
  An adder (D:2)
  A worm (D:2)
  2 dart slugs
  2 bats
  2 giant cockroaches (D:2)
  2 goblins
  5 hobgoblins
  2 jackals (D:1)
  3 frilled lizards
  4 kobolds (D:1)
  2 rats
27 creatures vanquished.

Notes
Turn   | Place    | Note
-------+----------+-------------------------------------------
     0 | D:1      | halftheisland the Hill Orc Berserker began the quest for the Orb.
     0 | D:1      | Reached XP level 1. HP: 19/19 MP: 1/1
   232 | D:1      | Reached XP level 2. HP: 19/27 MP: 2/2
   903 | D:2      | Found a white marble altar of Elyvilon.
   941 | D:2      | Reached XP level 3. HP: 27/33 MP: 3/3
   998 | D:2      | Found a hazy altar of Hepliaklqana.
  1034 | D:2      | Gained mutation: You have a pair of small horns on your head. [potion of mutation]
  1034 | D:2      | Gained mutation: Your body sometimes deteriorates upon taking damage. [potion of mutation]
  1034 | D:2      | Gained mutation: Your flesh is cold resistant. (rC+) [potion of mutation]
  1044 | D:2      | Noticed a phantom
  1045 | D:2      | HP: 2/51 [gnoll/stone (1)]
  1053 | D:2      | HP: 1/34 [poisoned by an adder]
  1055 | D:2      | Slain by a goblin

Skill      XL: |  1  2  3 |
---------------+----------+-----
Fighting       | 4 |  4.4
Polearms       | 4 |  4.2
Dodging        | 2 |  2.0
Armour         | |  2.3

Action                   || total
-------------------------++-------
Melee: Spear             ||    86
       Headbutt          ||     1
Invok: Berserk           ||     1
  Use: Scroll            ||     5
       Potion            ||     3
Armor: Animal skin       ||    11
Dodge: Dodged            ||    47
